AoeStats
← AiM | Facu1414

Nomad

507636913Analyzed
4v4 RM · 12d ago on Sep 19, 2026· 39m 51s· 8 players
Game mode
Random Map
Map size
231×231
Population
200
Speed
Normal
Resources
Standard
Victory
Conquest
Starting age
Dark Age
Ending age
Imperial Age
RankedLock teamsTeams togetherTeam positionsShared explorationLock speedFull tech treeHidden civsTurbo modeCheats
Victory
Defeat
🇹🇼 Franks · Taiwan
1584
+14
🇹🇼 Muisca · Taiwan
1561
+15
🇹🇼 Koreans · Taiwan
1508
+17
🇹🇼 Shu · Taiwan
1425
+21
🇲🇽 Mapuche · Mexico
1556
-18
🇲🇽 Italians · Mexico
1551
-17
🇦🇷 Jurchens · Argentina
1525
-16
🇨🇱 Burgundians · Chile
1509
-16
ZEK000
5:04 Loom
14:05 Feudal Age
18:09 Castle Age
16:05 Double-Bit Axe
17:43 Fishing Lines
18:02 Town Watch
18:53 Wheelbarrow
19:27 Medium Warships
19:52 Bow Saw
24:36 Fletching
25:21 Bodkin Arrow
25:32 Horse Collar
29:36 Hand Cart
32:55 Imperial Age
30:54 Padded Archer Armor
34:17 Bracer
35:48 Chemistry
37:52 Scale Mail Armor
38:45 Leather Archer Armor
38:54 Chain Mail Armor
38:50 Forging
39:22 Ballistics
39:19 Elite Genoese Crossbowman
ZZZzzzzz....
10:28 Loom
12:42 Feudal Age
12:25 Double-Bit Axe
13:58 Bow Saw
19:27 Castle Age
17:57 Gold Mining
21:47 Medium Warships
23:07 Demolition Ship
27:42 Wheelbarrow
32:20 Hand Cart
31:51 Town Watch
36:15 Imperial Age
35:17 Fletching
35:20 Elite Skirmisher
35:59 Bodkin Arrow
38:19 Padded Archer Armor
39:07 Bracer
AiM | Facu1414
7:42 Loom
12:54 Feudal Age
16:45 Castle Age
15:38 Scale Barding Armor
15:49 Double-Bit Axe
15:44 Horse Collar
17:31 Scale Mail Armor
18:27 Chain Mail Armor
39:17 Bloodlines
AiM | Fubuki Sinri
12:48 Feudal Age
13:15 Loom
17:04 Castle Age
15:36 Double-Bit Axe
17:38 Fletching
19:24 Bodkin Arrow
19:54 Horse Collar
25:25 Town Watch
白毛
4:46 Loom
13:40 Feudal Age
17:18 Castle Age
15:47 Scale Barding Armor
15:33 Double-Bit Axe
15:54 Fishing Lines
19:58 Bow Saw
22:11 Husbandry
22:43 Forging
23:50 Wheelbarrow
26:14 Hand Cart
30:19 Chain Barding Armor
34:25 Imperial Age
32:14 Gold Mining
32:14 Stone Mining
34:18 Iron Casting
35:46 Cavalier
37:02 Plate Barding Armor
39:26 Fletching
39:46 Paladin
鯊魚86
11:08 Loom
13:45 Feudal Age
17:42 Castle Age
16:01 Double-Bit Axe
17:21 Gold Mining
17:20 Town Watch
19:17 Medium Warships
20:03 Bow Saw
19:45 Fletching
22:47 Horse Collar
22:42 Crossbowman
25:43 Wheelbarrow
25:33 Heavy Plow
26:57 Fishing Lines
29:07 Padded Archer Armor
29:22 Hand Cart
29:07 Bodkin Arrow
29:12 Padded Archer Armor
30:26 Gold Shaft Mining
31:40 Thumb Ring
34:36 Imperial Age
33:13 Leather Archer Armor
33:14 Hand Cart
33:21 Stone Mining
34:54 Scale Mail Armor
34:30 Elite Skirmisher
35:55 Bracer
37:05 Ballistics
37:45 Chemistry
36:47 Arbalester
39:06 Ring Archer Armor
40:38 Conscription
Junyou
12:59 Feudal Age
13:32 Double-Bit Axe
19:57 Castle Age
18:16 Forging
18:10 Loom
19:31 Fishing Lines
20:50 Medium Warships
23:27 Fletching
27:44 Town Watch
31:37 Wheelbarrow
30:52 Horse Collar
31:25 Bow Saw
35:57 Imperial Age
34:07 Bodkin Arrow
34:36 Ballistics
34:53 Hand Cart
35:40 Padded Archer Armor
36:49 Bracer
38:20 Chemistry
38:27 Leather Archer Armor
38:21 Scale Mail Armor
38:57 Squires
39:17 Elite Guecha Warrior
40:35 Conscription
一胎佩斯-ZHE
10:59 Loom
13:34 Feudal Age
17:49 Castle Age
17:07 Fletching
17:14 Fletching
17:15 Double-Bit Axe
18:53 Bodkin Arrow
24:45 Gold Mining
27:15 Horse Collar
28:11 Bow Saw
29:55 Ballistics
35:21 Stone Mining
37:01 Heavy Plow
39:33 Wheelbarrow
39:09 Town Watch
Connection lost

Rejoining the realm…

Still unreachable

The connection could not be restored.

Session expired

The server has moved on; the page needs a fresh start.